 Dungeon Crawl Stone Soup version bcrawl-1.15.1-4-g77d781cab4 (webtiles) character file.

Game seed: 10232571633311901279

28 Groucho the Sneak (level 2, 0/13 HPs)
             Began as a Spriggan Enchanter on Oct 7, 2019.
             Was a Follower of Nemelex Xobeh.
             Slain by a hobgoblin
             ... wielding a +0 club
              (2 damage)
             ... on level 2 of the Dungeon.
             The game lasted 00:05:34 (1824 turns).

Groucho the Sneak (Spriggan Enchanter)              Turns: 1824, Time: 00:05:34

Health: 0/13       AC:  4    Str:  4    XL:     2   Next: 96%
Magic:  7/7        EV: 18    Int: 18    God:    Nemelex Xobeh [*.....]
Gold:   34         SH:  0    Dex: 16    Spells: 4/7 levels left

rFire    . . .     SeeInvis +   a - +1 dagger
rCold    . . .     Gourm    .   (shield restricted)
rNeg     . . .     Faith    .   b - +0 robe
rPois    .         Spirit   .   (helmet restricted)
rElec    .         Reflect  .   (no cloak)
rCorr    .         Harm     .   (gloves unavailable)
MR       .....     Rnd*Tele +   (boots unavailable)
Stlth    +++.......             (no amulet)
HPRegen  0.04/turn              (no ring)
MPRegen  0.10/turn              (no ring)

@: very quick
A: very small, unfitting armour, molten scales 1, see invisible, clever 1,
herbivore, speed 3, slow metabolism 2, teleportitis 1
a: Draw Escape, Draw Destruction, Draw Summoning, Renounce Religion


You were on level 2 of the Dungeon.
You worshipped Nemelex Xobeh.
Nemelex Xobeh was aware of your devotion.
You were not hungry.

You visited 1 branch of the dungeon, and saw 2 of its levels.

You collected 34 gold pieces.

Inventory:

Hand Weapons
 a - a +1 dagger (weapon)
Missiles
 e - 376 stones (quivered)
Armour
 b - a +0 robe (worn)
 l - a cursed +0 robe
Jewellery
 i - an uncursed ring of wizardry {unknown}
Scrolls
 d - 2 scrolls of fog
 g - a scroll of identify {unknown}
 h - a scroll of teleportation {unknown}
 j - 2 scrolls of amnesia {unknown}
 k - 2 scrolls of magic mapping {unknown}
Potions
 c - 2 potions of ambrosia
Comestibles
 f - 4 rations {!d}


   Skills:
 - Level 1.2 Short Blades
 - Level 3.0 Dodging
 * Level 5.9 Stealth
 + Level 3.2 Spellcasting
 + Level 4.0 Hexes


You had 4 spell levels left.
You knew the following spells:

 Your Spells              Type           Power        Failure   Level  Hunger
a - Corona                Hex            ###....      3%          1    None
b - Ensorcelled Hibernat  Hex/Ice        ##....       11%         2    ##.....

Your spell library contained the following spells:

 Spells                   Type           Power        Failure   Level  Hunger
 Confuse                  Hex            ###.....     10%         3    ###....
 Tukima's Dance           Hex            ###.....     10%         3    ###....
 Dazzling Spray           Conj/Hex       ##....       22%         3    ###....


Dungeon Overview and Level Annotations

Branches:
Dungeon (2/12)

Altars:
Nemelex Xobeh
Yredelemnul

Annotations:
D:2 1 runed door


Innate Abilities, Weirdness & Mutations

You are very small and have problems with some larger weapons.
You are too small for most types of armour.
You have supernaturally acute eyesight. (SInv)
You are a herbivore.
You cover ground extremely quickly.
You need to consume almost no food.
You are partially covered in molten scales. (AC +2)
Your mind is acute. (Int +2)
You are occasionally teleported next to monsters.


Message History

You are too injured to fight recklessly!
You are too injured to fight recklessly!
You are too injured to fight recklessly!
You hit the human zombie.
The human zombie is almost destroyed.
The hobgoblin closely misses you.
You barely miss the human zombie.
The human zombie is almost destroyed.
The human zombie closely misses you. The hobgoblin closely misses you.
You hit the human zombie but do no damage.
The human zombie is almost destroyed.
The human zombie barely misses you.
You hit the human zombie.
The human zombie is almost destroyed.
The hobgoblin barely misses you. The human zombie completely misses you.
You closely miss the human zombie.
The human zombie is almost destroyed.
The hobgoblin hits you with a +0 club.
You die...
Your body disappears without a glow.

.##..# #.#.....######### .....#
#.#≈.≈..≈.≈.≈≈.≈#
###.)####.#≈≈≈..≈..≈.≈..# #
#.........≈≈≈≈≈≈≈≈≈≈.≈# #
#.#####<#≈≈≈≈≈≈≈≈≈≈≈..# # #.#
#.#≈≈≈≈≈≈≈≈≈≈≈≈.#####.### # #.#
#.#≈.≈≈≈.♣♣≈≈≈..##.......
###.#####.#≈.≈≈≈._.≈≈≈≈.##.......
#............≈≈)@.†≈≈≈≈≈##.......
#.#####.....≈≈≈gZ≈≈≈≈≈≈.#..$.....
# #....≈.≈≈≈≈≈≈≈≈≈..#........
#.###.≈≈≈≈≈≈≈≈≈≈≈..[.?.....
#.....≈.≈≈.≈≈≈.≈≈.#........
#.......≈≈≈..†≈≈....###....
.....#.#.####.####### #....
###.##.#.# #..# ##.## #.##.#.#
#.## #.#p


You could see a human zombie and a hobgoblin.

Vanquished Creatures
  A dart slug (D:2)
  2 leopard geckos (D:1)
  A giant cockroach (D:1)
  A goblin (D:2)
  3 hobgoblins
  3 jackals
  4 kobolds
  2 bats
  4 frilled lizards
  2 rats (D:2)
23 creatures vanquished.

Notes
Turn   | Place    | Note
-------+----------+-------------------------------------------
     0 | D:1      | Groucho the Spriggan Enchanter began the quest for the Orb.
     0 | D:1      | Reached XP level 1. HP: 9/9 MP: 5/5
   312 | D:1      | Reached skill level 5 in Stealth
   793 | D:1      | Reached XP level 2. HP: 13/13 MP: 6/6
  1216 | D:1      | Learned a level 2 spell: Ensorcelled Hibernation
  1525 | D:2      | Found a faded altar of an unknown god.
  1627 | D:2      | Became a worshipper of Nemelex Xobeh the Trickster
  1627 | D:2      | Received a gift from Nemelex Xobeh
  1627 | D:2      | Reached * piety under Nemelex Xobeh
  1664 | D:2      | Gained mutation: You are occasionally teleported next to
                  | monsters. [potion of mutation]
  1664 | D:2      | Gained mutation: You are partially covered in molten
                  | scales. (AC +2) [potion of mutation]
  1664 | D:2      | Gained mutation: Your mind is acute. (Int +2) [potion of
                  | mutation]
  1771 | D:2      | Found a runed door.
  1771 | D:2      | Noticed a human
  1774 | D:2      | Found a basalt altar of Yredelemnul.
  1824 | D:2      | Slain by a hobgoblin

Skill      XL: |  1  2 |
---------------+-------+-----
Stealth        | 5 |  5.9
Spellcasting   | 3 |  3.2
Hexes          | 4 |  4.0
Short Blades   | |  1.2
Dodging        | |  3.0

Action                   || total
-------------------------++-------
Melee: Dagger            ||   109
Throw: Stone             ||    22
 Cast: Ensorcelled Hiber ||    17
  Use: Potion            ||     3
 Stab: Sleeping          ||    14
Armor: Robe              ||     4
Dodge: Dodged            ||   100
